 Dungeon Crawl Stone Soup version 0.22.1-1-ga44c0e56f4 (webtiles) character file.

10949 KleinerIrrer the Martial Artist (level 11, -5/72 HPs)
             Began as an Octopode Fighter on Oct 18, 2018.
             Was an Elder of Cheibriados.
             Shot with a bolt by an orc warlord (31 damage)
             ... on level 2 of the Orcish Mines.
             The game lasted 00:28:16 (12528 turns).

KleinerIrrer the Martial Artist (Octopode Fighter) Turns: 12528, Time: 00:28:16

Health: -5/72      AC:  3    Str: 25    XL:     11   Next: 70%
Magic:  0/5        EV: 23    Int: 25    God:    Cheibriados [****..]
Gold:   1037       SH: 15    Dex: 26    Spells: 10/10 levels left

rFire    . . .     SeeInvis .   l - +5 demon whip "Spellbinder" {antimagic, MR+}
rCold    + . .     Gourm    .   v - +2 shield {rC+}
rNeg     + . .     Faith    .   (helmet restricted)
rPois    .         Spirit   +   g - amulet of guardian spirit
rElec    .         Reflect  .   i - +5 ring of intelligence
rCorr    +         Harm     .   e - ring of positive energy
MR       +....                  u - ring of resist corrosion
Stlth    +++.......             A - +3 ring of evasion
HPRegen  0.22/turn              d - +2 ring of protection
MPRegen  0.09/turn              (no ring)
                                (no ring)
                                (no ring)

@: very slow
A: almost no armour, stealthy swim, amphibious, 8 rings, constrict 8, camouflage
1, gelatinous body 1
a: Bend Time, Temporal Distortion, Slouch, Renounce Religion


You were on level 2 of the Orcish Mines.
You worshipped Cheibriados.
Cheibriados was greatly pleased with you.
You were hungry.

You visited 3 branches of the dungeon, and saw 14 of its levels.

You collected 1217 gold pieces.
You spent 180 gold pieces at shops.

Inventory:

Hand Weapons
 l - the +5 demon whip "Spellbinder" (weapon) {antimagic, MR+}
   (You found it on level 4 of the Dungeon)

   It reduces the magical energy of the wielder, and disrupts the spells and
   magical abilities of those hit.
   Natural abilities and divine invocations are not affected.
   It affects your resistance to hostile enchantments.
 r - the +9 spear of Imbalance {pain, rF++ rC- Str+6, unknown}
   (You found it on level 4 of the Dungeon)

   In the hands of one skilled in necromantic magic, it inflicts extra damage on
   living creatures.
   It affects your strength (+6).
   It greatly protects you from fire.
   It makes you vulnerable to cold.
Armour
 v - a +2 shield of cold resistance (worn)
Jewellery
 d - a +2 ring of protection (on tentacle)
 e - a ring of positive energy (right tentacle)
 g - an amulet of guardian spirit (around mantle)
 i - a +5 ring of intelligence (left tentacle)
 u - a ring of resist corrosion (on tentacle)
 A - a +3 ring of evasion (on tentacle)
Wands
 h - a wand of iceblast (2)
 j - a wand of polymorph (10)
 p - a wand of enslavement (9)
 y - a wand of paralysis (4)
 C - a wand of flame (25)
Scrolls
 n - 3 scrolls of identify
 q - 2 scrolls of amnesia
 s - a scroll of vulnerability
Potions
 a - 2 potions of lignification
 b - a potion of might
 f - a potion of cancellation
 k - a potion of magic
 m - a potion of agility
 o - 3 potions of curing
 x - 3 potions of flight
Miscellaneous
 t - a lamp of fire (inert)
Comestibles
 c - 20 rations


   Skills:
 * Level 5.9 Fighting
 + Level 7.9 Dodging
 + Level 8.6 Shields
 + Level 11.9 Unarmed Combat
 * Level 5.6 Invocations
 * Level 4.4 Evocations


You had 10 spell levels left.
You didn't know any spells.
Your spell library contained the following spells:

 Spells                   Type           Power        Failure   Level  Hunger
 Corona                   Hex            #......      30%         1    ##.....
 Slow                     Hex            #.......     43%         2    ###....
 Inner Flame              Hex/Fire       #.......     67%         3    ####...
 Portal Projectile        Hex/Tloc       #.....       67%         3    ####...
 Cause Fear               Hex            #.........   97%         4    #####..
 Leda's Liquefaction      Hex/Erth       #.........   97%         4    #####..


Dungeon Overview and Level Annotations

Branches:
Dungeon (11/15)            Temple (1/1) D:5            Lair (0/6) D:8
    Orc (2/2) D:10            Elf (0/3) Orc:2

Altars:
Cheibriados
Dithmenos
Elyvilon
Fedhas
Gozag
Kikubaaqudgha
Okawaru
Qazlal
Ru
Sif Muna
Uskayaw
Vehumet
Wu Jian
Xom
Zin

Shops:
D:4 [

Annotations:
D:9 Erolcha


Innate Abilities, Weirdness & Mutations

You cannot wear most types of armour.
You are very stealthy in the water. (Stealth+)
You are amphibious.
You can wear up to eight rings at the same time.
You can use your tentacles to constrict eight enemies at once.
Your skin changes colour to match your surroundings (Stealth+).
Your rubbery body absorbs attacks. (AC +1, EV +1)


Message History

The orc warlord is heavily wounded.
The orc warlord roars a battlecry!
The orc goes into a battle-frenzy!
Evoke which item? (* to show all) (? for menu, Esc to quit)
Okay, then.
Okay, then.
Magic courses through your body.
The orc warlord shoots a bolt.
You block the bolt.
You can feel time thicken for a moment.
You kill the orc priest!
Cheibriados thoroughly appreciates the change of pace.
You kill the orc wizard!
Cheibriados appreciates the change of pace.
You kill the orc!
Cheibriados appreciates the change of pace.
You feel somewhat more hungry.
You can no longer step out of the time flow.
Cheibriados lowers the support of your attributes as your movement quickens.
The orc warlord shoots a bolt.
The bolt hits you!!
You die...

######............######
#...........##
##.........#####
###(.......####.##
#..........###...#
####...........##.#
##.................#
#.........#.#......##
#.....@..####.......###
##.....(..##........#.#
#....o[..##...........
########..)))........#...#.#
#..... #...)........##...###
###....####.............#.##
#..$......###............##
###.....o..###(..........##
.....))(oo(..ยง)..........#


You could see an orc warlord.

Vanquished Creatures
  Harold (Orc:1)
  An orc high priest (Orc:1)
  Pikel (D:5)
  An orc knight (D:10)
  3 orc sorcerers
  An ugly thing (D:10)
  A centaur zombie (D:11)
  2 gargoyles
  A hornet (D:10)
  Sigmund (D:2)
  A human (D:8)
  A hungry ghost (D:8)
  2 wargs (D:10)
  Edmund (D:6)
  A water moccasin (D:9)
  A sky beast (D:5)
  9 orc warriors
  2 ice beasts (D:5)
  A phantom (D:4)
  2 necrophages
  10 ogres
  Blork the orc (D:6)
  9 bullfrogs
  2 scorpions
  8 killer bees
  4 howler monkeys
  2 jellies
  8 crimson imps
  A quasit (D:10)
  A bullfrog skeleton (D:4)
  A bullfrog zombie (D:10)
  7 orc priests
  3 centaur skeletons
  6 hounds
  3 iguanas
  10 orc wizards
  4 worker ants
  A killer bee zombie (D:9)
  A hound skeleton (D:7)
  A worker ant zombie (D:5)
  15 gnolls
  8 adders
  A shadow imp (D:8)
  3 oozes
  An adder zombie (D:7)
  2 adder skeletons
  3 worms
  5 dart slugs
  5 leopard geckos
  43 orcs
  6 bats
  4 giant cockroaches
  5 goblins
  7 hobgoblins
  14 jackals
  6 kobolds
  6 quokkas
  A ball python (D:3)
  6 frilled lizards
  A jackal skeleton (D:7)
  A leopard gecko skeleton (D:4)
  A quokka skeleton (D:6)
  5 rats
  A rat zombie (D:5)
267 creatures vanquished.

Vanquished Creatures (collateral kills)
  An orc sorcerer (Orc:2)
1 creature vanquished.

Vanquished Creatures (others)
  An ogre (Orc:2)
  An orc warrior (Orc:2)
2 creatures vanquished.

Grand Total: 270 creatures vanquished

Notes
Turn   | Place    | Note
-------+----------+-------------------------------------------
     0 | D:1      | KleinerIrrer the Octopode Fighter began the quest for the
                  | Orb.
     0 | D:1      | Reached XP level 1. HP: 16/16 MP: 1/1
    77 | D:1      | Reached XP level 2. HP: 19/21 MP: 2/2
   316 | D:1      | Reached XP level 3. HP: 26/26 MP: 3/3
   852 | D:2      | Reached XP level 4. HP: 31/31 MP: 4/4
   866 | D:2      | Noticed Sigmund
   872 | D:2      | Killed Sigmund
   872 | D:2      | Reached skill level 4 in Unarmed Combat
   872 | D:2      | Reached XP level 5. HP: 6/36 MP: 5/5
  1171 | D:2      | Reached XP level 6. HP: 37/42 MP: 6/6
  1369 | D:2      | Found an ornate altar of the Wu Jian Council.
  1795 | D:3      | Found a white marble altar of Elyvilon.
  2255 | D:4      | Noticed a phantom
  2259 | D:4      | Reached skill level 5 in Unarmed Combat
  2267 | D:4      | Reached XP level 7. HP: 46/46 MP: 7/7
  2493 | D:4      | Found a sacrificial altar of Ru.
  2523 | D:4      | Found a hide-covered altar of Uskayaw.
  2523 | D:4      | Noticed a hand axe
  2523 | D:4      | Noticed a hand axe
  2552 | D:4      | Found Ilietes's Antique Armour Shop.
  2574 | D:4      | Found a stormy altar of Qazlal.
  2581 | D:4      | Reached skill level 6 in Unarmed Combat
  3120 | D:4      | Reached skill level 5 in Shields
  3120 | D:4      | Reached XP level 8. HP: 52/52 MP: 8/8
  3124 | D:4      | Reached skill level 5 in Dodging
  3124 | D:4      | Reached skill level 7 in Unarmed Combat
  3448 | D:4      | Found an iron altar of Okawaru.
  3449 | D:4      | Found the +5 demon whip "Spellbinder" {antimagic, MR+}
  3458 | D:4      | Got a fine spear
  3806 | D:5      | Entered Level 5 of the Dungeon
  4034 | D:5      | Reached skill level 8 in Unarmed Combat
  4308 | D:5      | Found an ancient bone altar of Kikubaaqudgha.
  4839 | D:4      | Bought a glowing shield for 180 gold pieces
  5088 | D:5      | Found a staircase to the Ecumenical Temple.
  5109 | Temple   | Entered the Ecumenical Temple
  5125 | Temple   | Became a worshipper of Cheibriados the Contemplative
  5180 | D:5      | Noticed Pikel
  5188 | D:5      | Killed Pikel
  5188 | D:5      | Reached skill level 9 in Unarmed Combat
  5188 | D:5      | Reached XP level 9. HP: 40/55 MP: 6/9
  5432 | D:6      | Noticed Edmund
  5445 | D:6      | Killed Edmund
  5445 | D:6      | Reached skill level 10 in Unarmed Combat
  5647 | D:6      | Noticed Blork the orc
  5651 | D:6      | Killed Blork the orc
  6163 | D:7      | Reached * piety under Cheibriados
  6506 | D:8      | Reached skill level 1 in Invocations
  6716 | D:8      | Reached skill level 11 in Unarmed Combat
  6716 | D:8      | Reached XP level 10. HP: 54/62 MP: 9/11
  6719 | D:8      | Noticed a gargoyle
  6731 | D:8      | Killed a gargoyle
  7117 | D:8      | Found a staircase to the Lair.
  7434 | D:9      | Reached ** piety under Cheibriados
  7477 | D:9      | Found a glowing silver altar of Zin.
  7487 | D:9      | Identified a scroll of acquirement
  8121 | D:9      | Noticed Erolcha
  8351 | D:10     | Entered Level 10 of the Dungeon
  8580 | D:10     | Reached skill level 1 in Evocations
  8597 | D:10     | Reached *** piety under Cheibriados
  8636 | D:10     | Found a staircase to the Orcish Mines.
  8987 | D:10     | Noticed a gargoyle
  8992 | D:10     | Killed a gargoyle
  9361 | D:11     | Noticed a red ugly thing
  9364 | D:11     | Noticed a brown ugly thing
  9372 | D:11     | Noticed a two-headed ogre
  9382 | D:10     | Killed a cyan ugly thing
  9382 | D:10     | Reached XP level 11. HP: 32/69 MP: 2/14
  9738 | Orc:1    | Entered Level 1 of the Orcish Mines
  9743 | Orc:1    | Noticed an orc sorcerer
  9745 | Orc:1    | Reached **** piety under Cheibriados
  9747 | Orc:1    | Noticed an orc knight
  9928 | D:10     | Killed an orc knight
 10113 | D:10     | Killed an orc sorcerer
 10113 | D:10     | Reached skill level 5 in Invocations
 10704 | Orc:1    | Noticed an orc sorcerer
 11026 | Orc:1    | Noticed a sun demon
 11144 | Orc:1    | Killed an orc sorcerer
 11144 | Orc:1    | Reached skill level 5 in Fighting
 11235 | Orc:1    | Noticed Harold
 11251 | Orc:1    | Killed Harold
 11470 | Orc:2    | Entered Level 2 of the Orcish Mines
 11470 | Orc:2    | Noticed an orc high priest
 11472 | Orc:2    | Noticed a sixfirhy
 12030 | Orc:2    | Noticed a sixfirhy
 12097 | Orc:2    | Noticed a sixfirhy
 12130 | Orc:1    | Killed an orc high priest
 12360 | Orc:2    | Reached ***** piety under Cheibriados
 12473 | Orc:2    | Found a staircase to the Elven Halls.
 12497 | Orc:2    | Noticed an orc warlord
 12502 | Orc:2    | Noticed an orc sorcerer
 12505 | Orc:2    | Noticed an orc sorcerer
 12517 | Orc:2    | Killed an orc sorcerer
 12524 | Orc:2    | Killed an orc sorcerer
 12528 | Orc:2    | Shot with a bolt by an orc warlord

Skill      XL: |  1  2  3  4  5  6  7  8  9 10 11 |
---------------+----------------------------------+-----
Dodging        | 4 5 6 7 |  7.9
Shields        | 4 5 6 7 8 |  8.6
Unarmed Combat | 4 5 6 9 11 | 11.9
Invocations    | 2 4 5 |  5.6
Evocations     | 2 4 |  4.4
Fighting       | 4 5 |  5.9

Action                   |  1- 3 |  4- 6 |  7- 9 | 10-12 || total
-------------------------+-------+-------+-------+-------++-------
Melee: Unarmed           |    73 |    82 |   265 |    31 ||   451
       Tentacles         |    18 |    19 |    59 |    95 ||   191
       Constrict         |    18 |    20 |    52 |    70 ||   160
       Punch             |       |     3 |    19 |    35 ||    57
       Demon whip        |       |       |       |   238 ||   238
Invok: Slouch            |       |       |       |     2 ||     2
Evoke: Wand              |       |       |       |    12 ||    12
       Lamp of fire      |       |       |       |     1 ||     1
  Use: Potion            |       |     1 |     1 |     5 ||     7
       Scroll            |       |     7 |     6 |    11 ||    24
 Stab: Sleeping          |     7 |     3 |     6 |     2 ||    18
       Distracted        |       |       |     1 |       ||     1
       Petrifying        |       |       |       |     1 ||     1
  Eat: Chunk             |       |     4 |     9 |     5 ||    18
       Ration            |       |       |     2 |     1 ||     3
Armor: Skin              |     5 |     1 |     4 |     5 ||    15
Dodge: Dodged            |    25 |    21 |    94 |   181 ||   321
Block: Shield            |    17 |    32 |    87 |   227 ||   363
